 Dungeon Crawl Stone Soup version 0.15-a0-773-g3a4c672 (webtiles) character file.

154 4tharraofdagon the Digger (level 5, -2/31 HPs)
             Began as an Octopode Earth Elementalist on May 13, 2014.
             Slain by 4tharraofdagon's ghost (10 damage)
             ... on Level 5 of the Dungeon.
             The game lasted 00:05:00 (718 turns).

4tharraofdagon the Digger (OpEE)                     Turns: 718, Time: 00:05:00

HP  -2/31        AC  1     Str 11      XL: 5   Next: 35%
MP   2/11        EV 12     Int 18      God:
Gold 52          SH  0     Dex 13      Spells:  3 memorised,  1 level left

rFire  . . .     SeeInvis +     b - 8 stones
rCold  . . .     Clarity  .     (no shield)
rNeg   . . .     Conserve .     (helmet restricted)
rPois  .         rCorr    .     (no amulet)
rElec  .         rRot     .     e - ring of see invisible
SustAb . .       Spirit   .     o - +4 ring of strength
rMut   .         Warding  .     (no ring)
Gourm  .         Stasis   .     (no ring)
MR     .....                    (no ring)
                                (no ring)
                                (no ring)
                                (no ring)

@: very slightly contaminated, not resistant to hostile enchantments, fairly
stealthy
A: almost no armour, amphibious, 8 rings, constrict 8, camouflage 1, gelatinous
body 1
a: no special abilities


You were on level 5 of the Dungeon.
You were not hungry.

You visited 1 branch of the dungeon, and saw 6 of its levels.
You also visited: Sewer.

You collected 52 gold pieces.

Inventory:

Missiles
 b - 8 stones (in tentacle)
 h - an exploding dart
Magical devices
 n - a wand of fire (7)
Comestibles
 a - a bread ration
 k - a chunk of hound flesh
 q - 3 chunks of worker ant flesh
Scrolls
 c - a scroll of remove curse {unknown}
 g - a scroll of identify {unknown}
 i - a scroll of blinking {unknown}
 l - a scroll of enchant weapon I {unknown}
Jewellery
 e - a ring of see invisible (left tentacle)
 o - a +4 ring of strength (right tentacle)
Potions
 f - a potion of heal wounds
 j - a potion of agility {unknown}
 m - a potion of curing
Books
 d - a book of Geomancy

   Spells                             Type                      Level
   *Sandblast                         Earth                        1
   Stoneskin                          Transmutation/Earth          2
   Passwall                           Transmutation/Earth          3
   *Stone Arrow                       Conjuration/Earth            3
   Petrify                            Transmutation/Earth          4
   *Lee's Rapid Deconstruction        Earth                        5
 p - a book of Power

   Spells                             Type                      Level
   Fulminant Prism                    Conjuration/Hexes            4
   Iskenderun's Mystic Blast          Conjuration                  4
   Venom Bolt                         Conjuration/Poison           5
   Bolt of Magma                      Conjuration/Fire/Earth       5
   Iron Shot                          Conjuration/Earth            6
   Orb of Destruction                 Conjuration                  7


   Skills:
 - Level 2.0 Dodging
 - Level 2.6 Stealth
 + Level 3.2 Spellcasting
   Level 1.0 Transmutations
 * Level 5.1 Earth Magic


You had one spell level left.
You knew the following spells:

 Your Spells              Type           Power        Failure   Level  Hunger
a - Sandblast             Erth           ###...       1%          1    None
b - Stone Arrow           Conj/Erth      ##....       21%         3    ###....
c - Lee's Rapid Deconstr  Erth           ###.......   67%         5    #####..


Dungeon Overview and Level Annotations

Branches:
Dungeon (6/15)
 Temple: D:4-7

Altars:
Okawaru

Annotations:
D:5 4tharraofdagon's ghost, average MfTm


Innate Abilities, Weirdness & Mutations

You cannot wear most types of armour.
You are amphibious.
You can wear up to eight rings at the same time.
You can use your tentacles to constrict many enemies at once.
Your skin changes colour to match your surroundings (Stealth).
Your rubbery body absorbs attacks (AC +1).


Message History

4tharraofdagon's ghost hits you!
An ogre comes into view. It is wielding a giant club.
Casting: Sandblast
Confirm with . or Enter, or press ? or * to list all spells.
Aiming: Sandblast
Press: ? - help, Shift-Dir - straight line, f/p - 4tharraofdagon's ghost
Aim: 4tharraofdagon's ghost (severely damaged)
The rocky blast misses 4tharraofdagon's ghost. 4tharraofdagon's ghost says, "What do you have that I didn't have?" 4tharraofdagon's ghost hits you!
* * * LOW HITPOINT WARNING * * *
Casting: Sandblast
Confirm with . or Enter, or press ? or * to list all spells.
Aiming: Sandblast
Press: ? - help, Shift-Dir - straight line, f/p - 4tharraofdagon's ghost
Aim: 4tharraofdagon's ghost (severely damaged)
The rocky blast hits 4tharraofdagon's ghost. 4tharraofdagon's ghost is severely damaged. 4tharraofdagon's ghost hits you!
You die...

.. ... .....
......
......#########
...............
.............###.
.......W@........
................#
.......[.......
...............
.........###... .
........O . .
.....$.. .
[....... ...


You could see an ogre and 4tharraofdagon's ghost.

Vanquished Creatures
  2 hounds (D:4)
  A worker ant (D:6)
  3 adders
  3 giant mites (D:4)
  2 giant geckos
  An orc (D:3)
  2 ball pythons
  2 giant cockroaches
  3 goblins
  3 hobgoblins
  A kobold (D:3)
  2 bats
  2 rats (D:2)
27 creatures vanquished.

Vanquished Creatures (others)
  A giant cockroach (D:3)
1 creature vanquished.

Grand Total: 28 creatures vanquished

Notes
Turn   | Place    | Note
--------------------------------------------------------------
     0 | D:1      | 4tharraofdagon, the Octopode Earth Elementalist, began the quest for the Orb.
     0 | D:1      | Reached XP level 1. HP: 11/11 MP: 3/3
    83 | D:2      | Found an iron altar of Okawaru.
   116 | D:2      | Reached XP level 2. HP: 17/17 MP: 3/5
   240 | D:3      | Reached XP level 3. HP: 14/21 MP: 0/6
   296 | D:3      | Learned a level 3 spell: Stone Arrow
   379 | D:3      | Reached skill level 4 in Earth Magic
   402 | D:4      | Found a glowing drain.
   414 | D:4      | Reached XP level 4. HP: 9/27 MP: 2/8
   436 | Sewer    | Entered a sewer
   542 | D:5      | Entered Level 5 of the Dungeon
   556 | D:4      | Reached XP level 5. HP: 13/31 MP: 7/11
   605 | D:5      | Learned a level 5 spell: Lee's Rapid Deconstruction
   686 | D:6      | Reached skill level 5 in Earth Magic
   712 | D:5      | Noticed 4tharraofdagon's ghost (average MfTm)
   717 | D:5      | Noticed an ogre
   718 | D:5      | Slain by 4tharraofdagon's ghost

Action                   |  1- 3 |  4- 6 || total
-------------------------+-------+-------++-------
Melee: Unarmed           |    31 |    17 ||    48
 Cast: Sandblast         |    17 |    15 ||    32
Evoke: Wand              |       |     1 ||     1
  Use: Potion            |     3 |     1 ||     4

Vault maps used:
D:1:      saegor_arrival_simple_e
D:2:      grunt_ministairs_14, okawaru_trees_2
D:3:      st_stairs_2, kennysheep_generic_room_13
D:4:      portal_sewer_entry_f, minmay_ruptured
D:5:      kennysheep_mini_moat, lemuel_zombie_altar_kikubaaqudgha, basic_altar,
          first_bread, hangedman_feature_mirror, minmay_misc_feat_rows,
          uniq_iyjb, uniq_menkaure
D:6:      nicolae_gozag_zags_fifth_avenue, serial_shops, shop_fountains, shop,
          nicolae_shop_waterfront, shop
Sewer:    sewer_kobolds
